[Event "Titled Tuesday Blitz February 14 Early 2023"]
[White "Andreikin, Dmitry"]
[Black "Pakleza, Zbigniew"]
[WhiteFideId "4158814"]
[BlackFideId "1119290"]
[WhiteElo "2729"]
[BlackElo "2494"]
[Result "1/2-1/2"]
[Round "04"]
[TimeControl "180+2"]
[Date "2023.02.15"]
[WhiteClock "0:00:11"]
[BlackClock "0:00:35"]

1. e4 d6 2. d4 Nf6 3. Nc3 c6 4. f4 Qb6 5. Nf3 Bg4 6. e5 Nd5 7. Nxd5 cxd5 8. c3 e6 9. Bd3 g6 10. O-O Nc6 11. Kh1 Be7 12. Qe1 Bf5 13. Bxf5 gxf5 14. Be3 O-O-O 15. a4 Na5 16. exd6 Bxd6 17. Ne5 Qc7 18. Qe2 Kb8 19. b4 Nc4 20. Nxc4 Qxc4 21. Qxc4 dxc4 22. Rf3 Kc7 23. Rh3 h5 24. Rg3 Rdg8 25. Rxg8 Rxg8 26. g3 Kc6 27. Kg2 h4 28. Kf3 hxg3 29. hxg3 Rh8 30. Kg2 Kd5 31. Bf2 a6 32. Kf3 Be7 33. Rb1 Bd6 34. Be3 b6 35. Bf2 Rh7 36. b5 a5 37. Re1 Rh8 38. Rg1 Rh3 39. Kg2 Rh8 40. Re1 Rh7 41. Be3 Rh8 42. Bc1 Rh7 43. Bd2 Rh8 44. Be3 Rh7 45. Bf2 Rh8 46. Kf3 Rh7 47. Rg1 Rh3 48. Be3 Rh2 49. Bf2 Rh3 1/2-1/2


[Site "https://www.chess.com"]

[Event "Titled Tuesday Blitz February 14 Early 2023"]
[White "Lianes Garcia, Marcos"]
[Black "Paravyan, David"]
[WhiteFideId "32060777"]
[BlackFideId "4194985"]
[WhiteElo "2411"]
[BlackElo "2601"]
[Result "0-1"]
[Round "04"]
[TimeControl "180+2"]
[Date "2023.02.15"]
[WhiteClock "0:00:04"]
[BlackClock "0:00:04"]

1. e4 e5 2. Nf3 Nf6 3. Nxe5 d6 4. Nf3 Nxe4 5. d3 Nf6 6. d4 d5 7. Bd3 Bd6 8. O-O O-O 9. Bg5 Bg4 10. Nbd2 Nbd7 11. c3 Re8 12. Qc2 h6 13. Bh4 c5 14. Rfe1 Qc7 15. Bg3 Bxg3 16. hxg3 a6 17. Bf5 Bxf5 18. Qxf5 Qd6 19. Qd3 b5 20. Rxe8+ Rxe8 21. Re1 Rxe1+ 22. Nxe1 Qe6 23. Kf1 Ne4 24. dxc5 Ndxc5 25. Qd4 Nxd2+ 26. Qxd2 Qe4 27. Qd4 Na4 28. b3 Qxd4 29. cxd4 Nc3 30. a3 Nb1 31. Ke2 Nxa3 32. Kd2 b4 33. Nd3 a5 34. Nc5 Nb5 35. Nb7 Nxd4 36. Nxa5 Kf8 37. Kd3 Ne6 38. Nc6 Nc5+ 39. Kd4 Nxb3+ 40. Kxd5 Nc5 41. Nxb4 Nd7 42. Ke4 Ke7 43. Nd5+ Kd6 44. Ne3 Ke6 45. Kf3 Ke5 46. Ng4+ Kd4 47. Ne3 g6 48. Ke2 h5 49. Nc2+ Kc3 50. Ne3 Nf6 51. f3 Kd4 52. Nc2+ Ke5 53. Ne3 Ne8 54. Nc4+ Kd4 55. Ne3 Nd6 56. Nc2+ Ke5 57. Ne3 g5 58. g4 h4 59. Kf2 Nb7 60. Nc4+ Kd4 61. Ne3 Nc5 62. Nf5+ Ke5 63. g3 h3 64. Ne3 Nb3 65. Nf1 Nd4 66. Nh2 Nc2 67. Nf1 Kd4 68. f4 f6 69. Nh2 Ne3 70. Kf3 Kd3 71. Kf2 Ke4 72. fxg5 fxg5 73. Ke2 Nc2 74. Kf2 Nb4 75. Ke2 Nd3 76. Nf1 Nc1+ 77. Kf2 Nb3 78. Nd2+ Nxd2 0-1


[Site "https://www.chess.com"]

[Event "Titled Tuesday Blitz February 14 Early 2023"]
[White "Srihari L R"]
[Black "Le, Tuan Minh"]
[WhiteFideId "46617116"]
[BlackFideId "12401153"]
[WhiteElo "2416"]
[BlackElo "2542"]
[Result "0-1"]
[Round "04"]
[TimeControl "180+2"]
[Date "2023.02.15"]
[WhiteClock "0:00:01"]
[BlackClock "0:00:05"]

1. d4 d5 2. c4 c6 3. Nf3 Nf6 4. g3 Bf5 5. Nc3 e6 6. Qb3 Qc8 7. Bg2 h6 8. O-O Be7 9. Bf4 Nbd7 10. cxd5 exd5 11. Rac1 a6 12. Ne5 Be6 13. Nd3 O-O 14. Qc2 Re8 15. Na4 Nh5 16. Bd2 Bf6 17. e3 Be7 18. Nf4 Nxf4 19. gxf4 g6 20. Kh1 Qd8 21. Rg1 Nf6 22. Bf3 Kh7 23. Nc5 Bxc5 24. dxc5 Bf5 25. Qb3 Qd7 26. Rg3 Ne4 27. Bxe4 Rxe4 28. Bc3 Rae8 29. Bd4 h5 30. Rg5 R8e7 31. Rcg1 Qe6 32. Qd1 Rxd4 33. Rxh5+ Kg8 34. exd4 Qe4+ 35. f3 Qxf4 36. Rhg5 Re3 37. R5g3 Rd3 38. Qe1 Rxd4 39. Qe7 Rd2 40. b3 Qh6 41. Qe8+ Kg7 0-1


[Site "https://www.chess.com"]

[Event "Titled Tuesday Blitz February 14 Early 2023"]
[White "Wagh Suyog"]
[Black "Fedoseev, Vladimir"]
[WhiteFideId "25071688"]
[BlackFideId "24130737"]
[WhiteElo "2313"]
[BlackElo "2680"]
[Result "0-1"]
[Round "04"]
[TimeControl "180+2"]
[Date "2023.02.15"]
[WhiteClock "0:00:01"]
[BlackClock "0:00:20"]

1. d4 d5 2. c4 e6 3. Nc3 c6 4. e4 dxe4 5. Nxe4 Bb4+ 6. Bd2 Qxd4 7. Bxb4 Qxe4+ 8. Be2 Na6 9. Bc3 Ne7 10. Nf3 f6 11. O-O O-O 12. Bd3 Qf4 13. Qc2 Qh6 14. b4 e5 15. b5 Nc5 16. Bb4 Nxd3 17. Bxe7 Re8 18. Qxd3 Rxe7 19. Qd8+ Kf7 20. Rfe1 Qf4 21. Rac1 Re8 22. Qc7+ Kg8 23. bxc6 bxc6 24. Qxc6 Be6 25. g3 Qg4 26. Nd2 Rac8 27. Qb7 Qd4 28. Red1 Bg4 29. Nb3 Qb6 30. Qxb6 axb6 31. Rd6 Re6 32. Rxe6 Bxe6 33. Nd2 b5 34. c5 Bxa2 35. c6 Bd5 36. c7 Kf7 37. Rc5 Ke6 38. Rxb5 Rxc7 39. Rb1 h5 40. Nf1 Be4 41. Re1 Bf3 42. Ra1 Rd7 43. Ra6+ Kf5 44. Ra3 Bb7 45. Rb3 g5 46. Rb6 g4 47. Rb5 Kg5 48. Rb6 Bf3 49. Rb1 f5 50. Ra1 h4 51. Rc1 f4 0-1


[Site "https://www.chess.com"]

[Event "Titled Tuesday Blitz February 14 Early 2023"]
[White "Pranav, V"]
[Black "Cherniaiev, Tykhon"]
[WhiteFideId "25060783"]
[BlackFideId "14182360"]
[WhiteElo "2597"]
[BlackElo "2330"]
[Result "1-0"]
[Round "04"]
[TimeControl "180+2"]
[Date "2023.02.15"]
[WhiteClock "0:00:10"]
[BlackClock "0:00:01"]

1. e4 e5 2. Nf3 Nf6 3. Nxe5 d6 4. Nf3 Nxe4 5. Bd3 d5 6. Qe2 Nc6 7. O-O Bd6 8. Bxe4 dxe4 9. Qxe4+ Be6 10. d4 Ne7 11. Qxb7 O-O 12. Nc3 Bc4 13. Re1 c6 14. Ne5 Bxe5 15. dxe5 Nd5 16. Qxc6 Rc8 17. Qa4 Nxc3 18. bxc3 Bd5 19. Rd1 Rc4 20. Qxc4 Bxc4 21. Rxd8 Rxd8 22. Be3 a6 23. a4 h6 24. a5 Rd5 25. f4 Kh7 26. Kf2 h5 27. Bd4 Kg6 28. h3 Kf5 29. Kf3 h4 30. Ke3 g6 31. Bb6 Bb5 32. Rb1 g5 33. Rb4 Rd1 34. fxg5 Re1+ 35. Kd2 Re2+ 36. Kc1 Kxg5 37. Bd8+ Kf5 38. Rxh4 Rxg2 39. Bc7 Bc6 40. Rh5+ Ke6 41. Rh6+ Kd7 42. Bb6 Be4 43. Rd6+ Ke7 44. Rd2 Rg3 45. h4 Rxc3 46. Kb2 Rc4 47. Kb3 Rc6 48. c4 Bf5 49. Kb4 Rh6 50. Rd4 Bd7 51. Bc5+ Ke8 52. Bb6 Bc6 53. Bc7 Bd7 54. Bb6 Bc6 55. Rd6 Rxd6 56. exd6 Kd7 57. c5 Bd5 58. Kc3 Kc6 59. Kd4 Bf3 60. Ke5 Bg4 61. Kf6 Be6 62. h5 Bc4 63. h6 Bd3 64. Kxf7 Kd7 65. Kg7 Ke8 66. h7 Kd7 67. h8=Q Bf5 68. Qf8 Kc6 69. Qe7 Kb5 70. Qc7 Be4 71. Kf6 Bd5 72. d7 Bc6 73. d8=Q Be4 74. Qdd7+ Kb4 75. Qd4+ Kb5 76. Qcd7+ Bc6 77. Qb2+ Kc4 78. Qdd4# 1-0


[Site "https://www.chess.com"]

[Event "Titled Tuesday Blitz February 14 Early 2023"]
[White "Lenderman, Aleksandr"]
[Black "Martinez Ramirez, Lennis"]
[WhiteFideId "2021285"]
[BlackFideId "3509079"]
[WhiteElo "2572"]
[BlackElo "2426"]
[Result "1-0"]
[Round "04"]
[TimeControl "180+2"]
[Date "2023.02.15"]
[WhiteClock "0:01:08"]
[BlackClock "0:00:01"]

1. Nf3 Nf6 2. c4 e6 3. Nc3 d5 4. e3 dxc4 5. Bxc4 c5 6. d4 a6 7. O-O b5 8. Be2 Bb7 9. dxc5 Qxd1 10. Rxd1 Bxc5 11. a4 b4 12. Nb1 a5 13. Nbd2 Ke7 14. Nb3 Bb6 15. Nfd2 Rd8 16. Nc4 Rxd1+ 17. Bxd1 Bc7 18. Bf3 Bxf3 19. gxf3 Nbd7 20. Bd2 Ne5 21. Nxe5 Bxe5 22. Nxa5 Bxb2 23. Bxb4+ Ke8 24. Ra2 Nd5 25. Rxb2 Nxb4 26. Rxb4 Rxa5 27. f4 h6 28. Kg2 g5 29. fxg5 Rxg5+ 30. Kf3 Rf5+ 31. Kg3 Ra5 32. Kh4 Ke7 33. f4 Kf6 34. e4 Kg6 35. Kg4 Rh5 36. Rb2 Ra5 37. Ra2 e5 38. f5+ Kf6 39. Kh5 Kg7 40. h4 Kh7 41. f6 Ra6 42. a5 Kg8 43. Kg4 Kf8 44. Kf5 Ke8 45. Kxe5 Kd7 46. Kf5 Kd6 47. e5+ Kd5 48. h5 Kd4 49. Rd2+ Ke3 50. Rd7 Rxa5 51. Rxf7 1-0


[Site "https://www.chess.com"]

[Event "Titled Tuesday Blitz February 14 Early 2023"]
[White "Jaracz, Pawel"]
[Black "Sjugirov, Sanan"]
[WhiteFideId "1102222"]
[BlackFideId "4189302"]
[WhiteElo "2467"]
[BlackElo "2712"]
[Result "0-1"]
[Round "04"]
[TimeControl "180+2"]
[Date "2023.02.15"]
[WhiteClock "0:00:04"]
[BlackClock "0:00:03"]

1. e4 c5 2. Nf3 Nc6 3. Bb5 e6 4. O-O Nge7 5. d4 cxd4 6. Nxd4 Ng6 7. c4 Be7 8. Nc3 O-O 9. Be3 Na5 10. Qe2 Qc7 11. Rac1 b6 12. Ba4 a6 13. Bb3 Bb7 14. Kh1 Rac8 15. f3 Bd6 16. Bg1 Ne5 17. Na4 Bc5 18. Nxc5 bxc5 19. Nc2 d6 20. Ne3 Nec6 21. Ba4 Nd4 22. Qd2 Nac6 23. Bxc6 Bxc6 24. Ng4 e5 25. Bxd4 cxd4 26. Nf2 f5 27. exf5 Rxf5 28. Rfe1 Rcf8 29. Ne4 h6 30. b4 Qe7 31. c5 dxc5 32. Rxc5 Ba8 33. Ng3 Rg5 34. Qxd4 Qf7 35. Rcxe5 Rxe5 36. Qxe5 Qxa2 37. Qe6+ Qxe6 38. Rxe6 Rc8 39. h3 Bc6 40. Nf5 Bd7 41. Ne7+ Kf7 42. Nxc8 Kxe6 43. Nb6 Bb5 44. f4 Kd6 45. g4 Kc6 46. Nc8 Kd7 47. Nb6+ Kd6 48. Kh2 Kc6 49. Nc8 Kd5 50. Kg3 Kc4 51. f5 Kxb4 52. h4 a5 53. Nb6 Kc5 54. g5 hxg5 55. h5 Kxb6 56. Kg4 a4 57. Kxg5 a3 0-1


[Site "https://www.chess.com"]

[Event "Titled Tuesday Blitz February 14 Early 2023"]
[White "Parkhov, Yair"]
[Black "Drygalov, Sergey"]
[WhiteFideId "2813408"]
[BlackFideId "24171743"]
[WhiteElo "2505"]
[BlackElo "2547"]
[Result "0-1"]
[Round "04"]
[TimeControl "180+2"]
[Date "2023.02.15"]
[WhiteClock "0:00:12"]
[BlackClock "0:00:12"]

1. e4 c5 2. Nf3 d6 3. d4 cxd4 4. Nxd4 Nf6 5. Nc3 a6 6. f4 g6 7. Nf3 Bg7 8. e5 Nfd7 9. Bc4 Nb6 10. Bb3 O-O 11. Be3 Nc6 12. h4 Bg4 13. h5 Na5 14. hxg6 hxg6 15. Qd4 Nd7 16. O-O-O Nxb3+ 17. axb3 Qa5 18. Kb1 Rfe8 19. Nd5 Rac8 20. Bd2 Qc5 21. Qxc5 Nxc5 22. exd6 exd6 23. Bc3 Ne4 24. Bxg7 Kxg7 25. Rhe1 Nf2 26. Rxe8 Rxe8 27. Re1 Bxf3 28. Rxe8 Bxd5 29. Rd8 Ne4 30. c4 Bc6 31. Kc2 Kf6 32. g4 Ke7 33. Rg8 Nf6 34. Rb8 Nxg4 35. b4 Ne3+ 36. Kd3 Ng2 37. b5 axb5 38. cxb5 Bxb5+ 39. Kd4 Bc6 40. b4 Nxf4 41. b5 Bxb5 42. Rxb7+ Bd7 43. Ra7 Ne6+ 0-1


[Site "https://www.chess.com"]

[Event "Titled Tuesday Blitz February 14 Early 2023"]
[White "Ladan, Nicholas"]
[Black "Chigaev, Maksim"]
[WhiteFideId "30918855"]
[BlackFideId "4108116"]
[WhiteElo "2228"]
[BlackElo "2628"]
[Result "0-1"]
[Round "04"]
[TimeControl "180+2"]
[Date "2023.02.15"]
[WhiteClock "0:00:25"]
[BlackClock "0:00:27"]

1. d4 Nf6 2. Nc3 d5 3. Bf4 g6 4. e3 Nh5 5. Be5 f6 6. Bg3 c6 7. Bd3 Ng7 8. h3 Nd7 9. Nge2 e5 10. e4 dxe4 11. Nxe4 f5 12. N4c3 e4 13. Bc4 Nb6 14. Bb3 Bd6 15. Qd2 Bxg3 16. Nxg3 Be6 17. Qh6 Qe7 18. O-O-O O-O-O 19. h4 Bxb3 20. axb3 Ne6 21. h5 Rhg8 22. Nge2 g5 23. g4 Rd6 24. gxf5 Nf4 25. Qxd6 Nxe2+ 26. Nxe2 Qxd6 27. Ng3 Qf4+ 28. Kb1 e3 29. Ne2 Qxf2 30. Nc3 Nd5 31. Nxd5 cxd5 32. Rdf1 Qg2 33. Rhg1 0-1


[Site "https://www.chess.com"]

[Event "Titled Tuesday Blitz February 14 Early 2023"]
[White "Shimelkov, Vasiliy"]
[Black "Urazayev, Arystanbek"]
[WhiteFideId "13701630"]
[BlackFideId "13709810"]
[WhiteElo "2159"]
[BlackElo "2460"]
[Result "0-1"]
[Round "04"]
[TimeControl "180+2"]
[Date "2023.02.15"]
[WhiteClock "0:00:08"]
[BlackClock "0:00:31"]

1. d4 Nf6 2. Nf3 e6 3. c4 b6 4. Nc3 Bb4 5. Bg5 Bb7 6. e3 h6 7. Bh4 g5 8. Bg3 Ne4 9. Qc2 Bxc3+ 10. bxc3 f5 11. Bd3 d6 12. d5 Na6 13. Bxe4 fxe4 14. Qxe4 Qf6 15. Qd4 Qxd4 16. cxd4 exd5 17. cxd5 Nb4 18. O-O Nxd5 19. e4 Nc3 20. e5 Ne2+ 21. Kh1 Bxf3 22. gxf3 Kd7 23. Rad1 Rhf8 24. Rd2 Nc3 25. Rc1 Nd5 26. Rd3 Rae8 27. Kg2 a5 28. h3 Rf5 29. Re1 Re6 30. Rb1 Rf8 31. exd6 cxd6 32. Rb5 Rf5 33. a4 Nf4+ 34. Bxf4 Rxb5 35. axb5 gxf4 36. Rc3 Rg6+ 37. Kf1 Rg5 38. Rb3 Rd5 39. Ke2 Rxd4 40. h4 Ke6 41. h5 Kd5 42. Rb1 Rb4 43. Rg1 a4 44. Rg6 a3 0-1


[Site "https://www.chess.com"]

[Event "Titled Tuesday Blitz February 14 Early 2023"]
[White "Bodnaruk, Anastasia"]
[Black "Kamsky, Gata"]
[WhiteFideId "4181751"]
[BlackFideId "2000024"]
[WhiteElo "2350"]
[BlackElo "2665"]
[Result "1/2-1/2"]
[Round "04"]
[TimeControl "180+2"]
[Date "2023.02.15"]
[WhiteClock "0:00:06"]
[BlackClock "0:00:25"]

1. e4 g6 2. d4 Bg7 3. Nc3 d6 4. Be3 a6 5. Qd2 b5 6. h4 h6 7. O-O-O Bb7 8. f3 e6 9. g4 Nd7 10. Nge2 b4 11. Nb1 a5 12. Ng3 Ne7 13. h5 g5 14. f4 gxf4 15. Bxf4 e5 16. Be3 exd4 17. Bxd4 Bxd4 18. Qxd4 Ne5 19. Be2 N7c6 20. Qe3 Qg5 21. Qxg5 hxg5 22. Nf5 Ne7 23. Ng3 Ng8 24. Rdf1 Nh6 25. Nd2 Nhxg4 26. Rf5 f6 27. Nb3 c5 28. Nd2 Ke7 29. Rff1 Nh6 30. Nc4 a4 31. Rd1 Rad8 32. Rhf1 Bc8 33. Nb6 Be6 34. Nd5+ Bxd5 35. Rxd5 Ra8 36. Rdd1 a3 37. b3 Nc6 38. Bc4 Nd4 39. Bd5 Rae8 40. Rd2 Rhf8 41. Ne2 Nxe2+ 42. Rxe2 Rh8 43. Rg2 Nf7 44. Bxf7 Kxf7 45. Rxg5 Rxe4 46. Rd5 Ke6 47. Rfd1 Rd8 48. Rxc5 dxc5 49. Rxd8 Rh4 50. Rh8 Ke5 51. h6 Kd4 52. Rd8+ Ke5 53. Rh8 Kf5 54. Kd2 Rh3 55. Rc8 Rxh6 56. Rxc5+ Ke6 57. Rb5 Rh2+ 58. Kd3 Rh3+ 59. Kd2 Rh2+ 60. Kd3 Rh3+ 61. Kd2 Rh2+ 1/2-1/2


[Site "https://www.chess.com"]

[Event "Titled Tuesday Blitz February 14 Early 2023"]
[White "Remizov, Yaroslav"]
[Black "Loskutova, Viktoriya"]
[WhiteFideId "34134015"]
[BlackFideId "34166278"]
[WhiteElo "2421"]
[BlackElo "2153"]
[Result "1-0"]
[Round "04"]
[TimeControl "180+2"]
[Date "2023.02.15"]
[WhiteClock "0:01:01"]
[BlackClock "0:00:11"]

1. e4 c5 2. Nf3 d6 3. d4 cxd4 4. Nxd4 Nf6 5. Nc3 a6 6. Rg1 e5 7. Nb3 Be6 8. g4 Nc6 9. g5 Nd7 10. Be3 Nb6 11. Nd5 Bxd5 12. exd5 Ne7 13. c4 Nf5 14. Qg4 Nxe3 15. fxe3 Na4 16. O-O-O Rc8 17. Kb1 g6 18. h4 h5 19. Qe4 Be7 20. Bh3 Rc7 21. Be6 Bf8 22. Rgf1 Bg7 23. c5 Nxc5 24. Nxc5 O-O 25. Qxg6 1-0


[Site "https://www.chess.com"]

[Event "Titled Tuesday Blitz February 14 Early 2023"]
[White "Bluebaum, Matthias"]
[Black "Ibadov, Dashgyn"]
[WhiteFideId "24651516"]
[BlackFideId "24107514"]
[WhiteElo "2669"]
[BlackElo "2391"]
[Result "1-0"]
[Round "04"]
[TimeControl "180+2"]
[Date "2023.02.15"]
[WhiteClock "0:01:04"]
[BlackClock "0:00:02"]

1. d4 Nf6 2. c3 d5 3. Bf4 Bf5 4. Qb3 Qc8 5. c4 e6 6. Nc3 Be7 7. e3 O-O 8. Nf3 Nc6 9. cxd5 exd5 10. a3 Na5 11. Qa4 b6 12. b4 Nb7 13. Ba6 Qb8 14. Qc6 Nd6 15. Nxd5 Nxd5 16. Qxd5 Be4 17. Qb3 b5 18. a4 bxa4 19. Qxa4 Nf5 20. O-O Bxf3 21. gxf3 Nh4 22. Qc6 Qxb4 23. Rfb1 Qd2 24. Bg3 Nf5 25. Qxc7 Bf6 26. Qf4 Nxg3 27. hxg3 h6 28. Rd1 Qc2 29. Qe4 Qc7 30. Bd3 g6 31. Rdc1 Qd7 32. Ra6 Kg7 33. Rxf6 Kxf6 34. Qe5# 1-0


[Site "https://www.chess.com"]

[Event "Titled Tuesday Blitz February 14 Early 2023"]
[White "Martynov, Pavel"]
[Black "Hakobyan, Aram"]
[WhiteFideId "4101260"]
[BlackFideId "13306677"]
[WhiteElo "2414"]
[BlackElo "2608"]
[Result "0-1"]
[Round "04"]
[TimeControl "180+2"]
[Date "2023.02.15"]
[WhiteClock "0:00:36"]
[BlackClock "0:01:26"]

1. e4 c5 2. Nf3 d6 3. Bb5+ Bd7 4. Bxd7+ Nxd7 5. O-O e6 6. c3 Ngf6 7. Re1 Be7 8. d4 O-O 9. h3 Rc8 10. Na3 cxd4 11. cxd4 d5 12. e5 Ne4 13. Nc2 Qb6 14. Ne3 Rc7 15. b3 Bb4 16. Rf1 Rfc8 17. Bb2 Qa6 18. a3 Bc3 19. Bxc3 Nxc3 20. Qd2 Qe2 21. Rfe1 Qxd2 22. Nxd2 a5 23. Kf1 Nb8 24. Rec1 Nb5 25. Rxc7 Rxc7 26. Nf3 Nc6 27. Rc1 Nxa3 28. Ke1 Nb5 29. Kd2 Kf8 30. Rc5 Ncxd4 31. Rxc7 Nxf3+ 32. gxf3 Nxc7 33. Kd3 g5 34. Kd4 b6 35. Nd1 Nb5+ 36. Kd3 Na7 37. Ke3 Nc6 38. f4 gxf4+ 39. Kxf4 Nd4 0-1


[Site "https://www.chess.com"]

[Event "Titled Tuesday Blitz February 14 Early 2023"]
[White "Daneshvar, Bardiya"]
[Black "Manukyan, Sargis A."]
[WhiteFideId "12576468"]
[BlackFideId "13303970"]
[WhiteElo "2540"]
[BlackElo "2158"]
[Result "0-1"]
[Round "04"]
[TimeControl "180+2"]
[Date "2023.02.15"]
[WhiteClock "0:02:23"]
[BlackClock "0:01:39"]

1. b3 d5 2. Bb2 e6 3. e3 Nf6 4. f4 Be7 5. Nf3 c5 6. Bb5+ Bd7 7. Bxd7+ Qxd7 8. Ne5 Qc7 9. O-O Nc6 10. d3 O-O 11. Nd2 Rad8 12. Rf3 d4 13. Nxc6 Qxc6 14. e4 b5 15. a4 a6 16. Rg3 Nd7 17. Qg4 g6 18. e5 f5 19. Qe2 Nb6 20. axb5 axb5 21. Rf3 Ra8 22. Rff1 Nd5 23. Rfc1 Nxf4 24. Qf2 Bg5 25. Nf3 Nh3+ 26. gxh3 Be3 27. b4 Qxf3 0-1


[Site "https://www.chess.com"]

[Event "Titled Tuesday Blitz February 14 Early 2023"]
[White "Tan, Jun Ying"]
[Black "Bortnyk, Olexandr"]
[WhiteFideId "5710413"]
[BlackFideId "14120828"]
[WhiteElo "2307"]
[BlackElo "2605"]
[Result "1-0"]
[Round "04"]
[TimeControl "180+2"]
[Date "2023.02.15"]
[WhiteClock "0:00:25"]
[BlackClock "0:00:01"]

1. d4 d6 2. Nf3 Nf6 3. c4 g6 4. Nc3 Bg7 5. e4 O-O 6. Be2 Nbd7 7. O-O e5 8. Be3 c6 9. d5 c5 10. Ne1 Ne8 11. g4 f5 12. gxf5 gxf5 13. exf5 Nb6 14. Nf3 Bxf5 15. Ng5 Qd7 16. Kh1 h6 17. Nge4 Nf6 18. Nxf6+ Rxf6 19. Rg1 Kh8 20. Qd2 Raf8 21. Rg3 R8f7 22. Rag1 e4 23. b3 Nc8 24. Bh5 Re7 25. Ne2 Bh7 26. Nf4 Bf5 27. Ng6+ Bxg6 28. Bxg6 Rxg6 29. Rxg6 Qf5 30. Bxh6 Qf3+ 31. R6g2 Be5 32. Qg5 Qf7 33. Qh4 Qh7 34. Rg5 Re8 35. Rh5 e3 36. Bg7+ 1-0


[Site "https://www.chess.com"]

[Event "Titled Tuesday Blitz February 14 Early 2023"]
[White "Lazavik, Denis"]
[Black "Manelyuk, Daniil"]
[WhiteFideId "13515110"]
[BlackFideId "44173920"]
[WhiteElo "2544"]
[BlackElo "2302"]
[Result "1-0"]
[Round "04"]
[TimeControl "180+2"]
[Date "2023.02.15"]
[WhiteClock "0:00:06"]
[BlackClock "0:00:02"]

1. d4 Nf6 2. c4 c5 3. d5 b5 4. cxb5 a6 5. e3 axb5 6. Bxb5 Qa5+ 7. Nc3 Bb7 8. Bd2 Qb6 9. a4 Nxd5 10. Nf3 e6 11. O-O Be7 12. e4 Nb4 13. Bf4 Qd8 14. Ne5 O-O 15. Qg4 d6 16. Nc4 Nc2 17. Rad1 Nd4 18. Qg3 Bh4 19. Qg4 e5 20. Bg3 Bf6 21. Rd3 Bc8 22. Qd1 Be6 23. f4 Nxb5 24. Nxb5 Bxc4 25. Rxd6 Qe7 26. Rf2 Bxb5 27. axb5 exf4 28. Bxf4 Bd4 29. Rxd4 cxd4 30. Qxd4 Rd8 31. Qc4 Nd7 32. h3 Qc5 33. Qe2 Ne5 34. Be3 Qc4 35. Qh5 f6 36. b6 Ra1+ 37. Kh2 Rad1 38. b7 R1d7 39. Bf4 Qxe4 40. Bg3 Rxb7 41. Re2 Qg6 42. Qh4 Re8 43. Rf2 Rbe7 44. Qd4 Re6 45. Qd5 Kh8 46. b4 h5 47. b5 Qf7 48. Qd1 Qd7 49. Qxh5+ Kg8 50. Qf5 R6e7 51. Qb1 Qd5 52. b6 Qd3 53. Qa2+ Qc4 54. Qb1 Nd3 55. Rc2 Qe4 56. Qb3+ Re6 57. Rc4 Qd5 58. Qc3 Ne5 59. Rd4 Qb5 60. Rb4 Qe2 61. Rb2 Qh5 62. Qb3 Ng4+ 63. Kg1 Ne3 64. b7 Qd1+ 65. Qxd1 Nxd1 66. b8=Q Rxb8 67. Rxb8+ Kh7 68. Rd8 Ne3 69. Rd7 Nf5 70. Bf2 Kg6 71. g4 Nh6 72. Kg2 Nf7 73. h4 Ne5 74. Rd4 Re7 75. Kg3 Rd7 76. h5+ Kf7 77. Ra4 Rd3+ 78. Kg2 Rf3 79. Bg3 Rd3 80. g5 Rd2+ 81. Kh3 Ke6 82. h6 gxh6 83. Ra6+ Kf5 84. Rxf6+ Kxg5 85. Bxe5 Re2 86. Bd4 h5 87. Rd6 Re4 88. Rd5+ Kg6 89. Kg3 Rg4+ 90. Kf3 Rh4 91. Bf2 Rg4 92. Be3 Ra4 93. Bf4 Ra3+ 94. Ke4 Ra4+ 95. Ke5 h4 96. Rd6+ Kh5 97. Kf5 Ra5+ 98. Be5 Ra7 99. Rd8 Rf7+ 100. Bf6 Rh7 101. Rd4 Kh6 102. Rxh4# 1-0


[Site "https://www.chess.com"]

[Event "Titled Tuesday Blitz February 14 Early 2023"]
[White "Makhnev, Denis"]
[Black "Cruz Lledo, Pablo"]
[WhiteFideId "13707647"]
[BlackFideId "2297361"]
[WhiteElo "2483"]
[BlackElo "2373"]
[Result "1-0"]
[Round "04"]
[TimeControl "180+2"]
[Date "2023.02.15"]
[WhiteClock "0:02:40"]
[BlackClock "0:02:23"]

1. d4 d5 2. c4 dxc4 3. Nf3 c5 4. d5 Nf6 5. Nc3 b5 6. Nxb5 Bb7 7. e4 Nxe4 8. Bxc4 e6 9. dxe6 Qxd1+ 10. Kxd1 Nxf2+ 11. Ke2 Nxh1 12. exf7+ Kd8 13. Bg5+ Be7 14. Rd1+ Nd7 15. Ne5 Bxg5 16. Rxd7+ Kc8 17. Nd6+ Kb8 18. Rxb7# 1-0


[Site "https://www.chess.com"]

[Event "Titled Tuesday Blitz February 14 Early 2023"]
[White "Terry, Renato"]
[Black "Yurovskykh, Oleksandr"]
[WhiteFideId "3803457"]
[BlackFideId "14134020"]
[WhiteElo "2520"]
[BlackElo "2328"]
[Result "1-0"]
[Round "04"]
[TimeControl "180+2"]
[Date "2023.02.15"]
[WhiteClock "0:00:03"]
[BlackClock "0:00:02"]

1. e4 e6 2. d4 d5 3. exd5 exd5 4. Nf3 Bd6 5. c4 Nf6 6. Nc3 O-O 7. cxd5 Nbd7 8. Be2 Nb6 9. Bg5 h6 10. Bh4 Be7 11. O-O Nfxd5 12. Bg3 Bg4 13. h3 Bh5 14. Bh2 c6 15. g4 Bg6 16. Ne5 Bh7 17. Qb3 f6 18. Nd3 Kh8 19. Nc5 Qc8 20. Bf3 Bg8 21. Rfe1 Bxc5 22. dxc5 Nxc3 23. Qxc3 Nd5 24. Qd4 Qd7 25. Be4 Rfe8 26. Bg6 Bf7 27. Bf5 Be6 28. Bc2 Bf7 29. Bf5 Be6 30. Bd3 Bf7 31. Re4 Bg6 32. Rxe8+ Qxe8 33. Bf1 Qe6 34. b4 a6 35. a4 Qe4 36. Rd1 Qxd4 37. Rxd4 Bc2 38. a5 Re8 39. Bf4 Re1 40. Bd2 Rd1 41. f3 Ba4 42. Kf2 Bb5 43. Bxb5 axb5 44. h4 Rb1 45. Re4 Kg8 46. Re8+ Kh7 47. Re4 Rb2 48. Ke1 Rb3 49. Ke2 Rb2 50. Kd1 Rb3 51. f4 Rg3 52. f5 h5 53. gxh5 Rb3 54. Kc2 Rh3 55. Kb2 Rh2 56. Kc1 Rh1+ 57. Kc2 Rh2 58. Kd3 Rh3+ 59. Ke2 Kg8 60. Re8+ Kh7 61. Rb8 Rxh4 62. Rxb7 Nxb4 63. Rb6 Rc4 64. Bxb4 Rxb4 65. Rxc6 Ra4 66. a6 Kh6 67. Rb6 Kxh5 68. c6 1-0


[Site "https://www.chess.com"]

[Event "Titled Tuesday Blitz February 14 Early 2023"]
[White "Maksimenko, Viktor"]
[Black "Shimanov, Aleksandr"]
[WhiteFideId "13710478"]
[BlackFideId "4198603"]
[WhiteElo "2196"]
[BlackElo "2581"]
[Result "0-1"]
[Round "04"]
[TimeControl "180+2"]
[Date "2023.02.15"]
[WhiteClock "0:00:09"]
[BlackClock "0:00:08"]

1. d4 d5 2. c4 e6 3. Nf3 Nf6 4. g3 h6 5. Bg2 Bd6 6. O-O O-O 7. b3 b6 8. Bb2 Bb7 9. Nbd2 c5 10. dxc5 bxc5 11. e3 Nbd7 12. Qe2 a5 13. Rfd1 Qe7 14. cxd5 exd5 15. Nh4 Qe6 16. Qf1 Ba6 17. Qe1 Rfe8 18. Nhf3 Rad8 19. Bf1 Bxf1 20. Qxf1 a4 21. Rac1 axb3 22. axb3 Rb8 23. Qd3 Qh3 24. e4 c4 25. Qf1 Qh5 26. Bxf6 Nxf6 27. e5 Bxe5 28. bxc4 Bb2 29. Rb1 d4 30. Qd3 Ng4 31. Kg2 Bc3 32. Rxb8 Rxb8 33. h3 Nf6 34. Ne4 Nxe4 35. Qxe4 Rd8 36. Rd3 Qc5 37. Ne5 Re8 38. f4 f6 39. Qc6 Qe7 40. Qd5+ Kh7 41. Qe4+ Kg8 42. Qd5+ Qe6 43. Qxe6+ Rxe6 44. Nf3 Re4 45. f5 Kf7 46. g4 Ke7 47. Nd2 Re2+ 48. Kf3 Rxd2 49. Ke4 Rxd3 50. Kxd3 Kd6 51. h4 Kc5 52. h5 0-1


[Site "https://www.chess.com"]

[Event "Titled Tuesday Blitz February 14 Early 2023"]
[White "Kollars, Dmitrij"]
[Black "Pajeken, Jakob Leon"]
[WhiteFideId "12909572"]
[BlackFideId "12942839"]
[WhiteElo "2607"]
[BlackElo "2417"]
[Result "0-1"]
[Round "04"]
[TimeControl "180+2"]
[Date "2023.02.15"]
[WhiteClock "0:00:41"]
[BlackClock "0:00:32"]

1. e4 e5 2. Nf3 Nc6 3. Bb5 a6 4. Ba4 Be7 5. O-O Nf6 6. d3 b5 7. Bb3 d6 8. Bd2 O-O 9. h3 Re8 10. Re1 h6 11. a4 Be6 12. Bxe6 fxe6 13. Nc3 Rb8 14. axb5 axb5 15. Qb1 Nd7 16. b4 Kh7 17. Qb3 Bg5 18. Bxg5 hxg5 19. Ra6 Nd4 20. Nxd4 exd4 21. Ne2 Qf6 22. Ra7 Rbc8 23. c3 Rf8 24. f3 dxc3 25. Qxc3 Ne5 26. Rxc7 Rxc7 27. Qxc7 Nxf3+ 28. gxf3 Qxf3 29. Qa7 g4 30. e5 gxh3 0-1


[Site "https://www.chess.com"]